 Dungeon Crawl Stone Soup version 0.17-a0-1651-gae1a69f (webtiles) character file.

1152 nuthulu the Chucker (level 8, -4/79 HPs)
             Began as a Troll Hunter on Aug 14, 2015.
             Was a Follower of Okawaru.
             Slain by a wight
             ... wielding a +3 battleaxe
              (5 damage)
             ... on level 5 of the Dungeon.
             The game lasted 00:18:05 (4569 turns).

nuthulu the Chucker (Troll Hunter)                  Turns: 4569, Time: 00:18:05

Health: -4/79      AC:  5    Str: 26    XL:     8   Next: 16%
Magic:  7/7        EV: 10    Int:  7    God:    Okawaru [*.....]
Gold:   168        SH:  0    Dex: 12    Spells: 0 memorised, 7 levels left

rFire  . . .     SeeInvis .     q - +0 giant spiked club
rCold  . . .     Clarity  .     d - +0 robe
rNeg   . . .     SustAt   .     (no shield)
rPois  +         Gourm    +     (helmet restricted)
rElec  .         Spirit   .     (no cloak)
rCorr  .         Warding  .     (gloves unavailable)
rMut   +         Stasis   .     (boots unavailable)
MR     .....                    x - amulet of resist mutation
Stlth  +.........               (no ring)
                                n - ring of poison resistance

@: mighty, heavily drained, not resistant to hostile enchantments, very
unstealthy
A: unfitting armour, claws 3, fast metabolism 3, gourmand, regeneration 2,
shaggy fur 1, tough skin 2
a: Heroism, Renounce Religion


You were on level 5 of the Dungeon.
You worshipped Okawaru.
Okawaru was aware of your devotion.
You were not hungry.

You visited 2 branches of the dungeon, and saw 7 of its levels.

You collected 168 gold pieces.

Inventory:

Hand weapons
 g - a +0 morningstar
 h - a +2 mace of protection
 q - a +0 giant spiked club (weapon)
Missiles
 a - 2 large rocks (quivered)
 b - 2 throwing nets
Armour
 d - a +0 robe (worn)
Jewellery
 n - a ring of poison resistance (left claw)
 x - an amulet of resist mutation (around neck)
Magical devices
 w - a wand of cold (7)
Scrolls
 p - a scroll of remove curse
Potions
 c - 2 potions of brilliance
 f - a potion of curing
 m - a potion of flight
 o - a potion of resistance
 s - a potion of cancellation
 u - a potion of might
 v - 2 potions of heal wounds {unknown}
Books
 r - a book of Transfigurations

   Spells                             Type                      Level
   a - Stoneskin                      Transmutation/Earth          2
   b - Irradiate                      Conjuration/Transmutation    5
   c - Statue Form                    Transmutation/Earth          6
   d - Hydra Form                     Transmutation                6
   e - Dragon Form                    Transmutation                7
Comestibles
 e - 4 bread rations
 i - 2 meat rations
 j - 3 fruits
 k - a royal jelly
 l - 2 beef jerkies


   Skills:
 + Level 4.5(2.4) Fighting
 + Level 3.8(1.7) Maces & Flails
 + Level 5.7(3.5) Throwing
 + Level 4.2(2.2) Dodging
 - Level 0.4(0.0) Stealth


You had 7 spell levels left.
You didn't know any spells.

Dungeon Overview and Level Annotations

Branches:
Dungeon (6/15)             Temple (1/1) D:4

Altars:
Elyvilon
Gozag
Kikubaaqudgha
Makhleb
Nemelex Xobeh
Okawaru
Qazlal
Sif Muna
Trog
Xom
Yredelemnul
The Shining One


Innate Abilities, Weirdness & Mutations

You are too large for most types of armour.
You have claws for hands.
Your metabolism is lightning-fast.
You like to eat raw meat.
You heal very quickly.
You are covered in fur (AC +1).
You have very tough skin (AC +2).


Message History

The wight barely misses you.
You barely miss the wight.
The wight is moderately damaged.
The wight hits you with an enchanted battleaxe!
You feel drained.
You barely miss the wight.
The wight is moderately damaged.
The wight hits you with an enchanted battleaxe!
* * * LOW HITPOINT WARNING * * *
You feel drained.
* * * LOW HITPOINT WARNING * * *
The wight barely misses you.
Drink which item? (? for menu, Esc to quit)
You feel better.
Drink which item? (? for menu, Esc to quit)
You feel very mighty all of a sudden.
The wight hits you with an enchanted battleaxe!
* * * LOW HITPOINT WARNING * * *
You feel drained.
You die...

...........# ##≈..≈###..#
..#≈≈#...#.# ⌠.#≈≈#.⌠.#.#
..#≈≈#...#.#####
##≈≈≈≈###......##########
.≈≈≈≈≈≈........'....+...#
.≈≈≈≈≈≈........#....#...#
##≈≈≈≈###......#@...#...#
..#≈≈#...#.....#z..###'###
⌠.#≈≈#.⌠.#.....#'###.....#
..#≈≈#...#.#....)........#
##≈..≈###................#
..(........+.....>.......#
....#......#.............#
....#......#....(........#
....+......#.............#


You could see a wight.

Vanquished Creatures
  An ogre (D:4)
  The ghost of 4thArraOfDagon the Skirmisher, a weakling DsAK of Lugonu (D:5)
  2 wights (D:5)
  A giant frog zombie (D:5)
  A crimson imp (D:5)
  6 orc priests
  A jelly (D:5)
  5 orc wizards
  A centaur skeleton (D:4)
  A hound (D:5)
  Terence (D:2)
  8 worker ants
  An iguana (D:4)
  7 gnolls
  2 adders (D:4)
  2 shadow imps (D:5)
  An ooze (D:5)
  2 adder skeletons
  3 giant geckos
  28 orcs
  5 giant cockroaches
  9 goblins
  3 hobgoblins (D:1)
  3 quokkas
  A ball python (D:5)
  5 bats
  2 giant newts (D:1)
  7 kobolds
  3 rats
113 creatures vanquished.

Notes
Turn   | Place    | Note
--------------------------------------------------------------
     0 | D:1      | nuthulu the Troll Hunter began the quest for the Orb.
     0 | D:1      | Reached XP level 1. HP: 19/19 MP: 0/0
    30 | D:1      | Reached XP level 2. HP: 26/28 MP: 1/1
   455 | D:1      | Reached XP level 3. HP: 35/35 MP: 2/2
  1072 | D:2      | Noticed Terence
  1094 | D:2      | Killed Terence
  1094 | D:2      | Reached skill level 4 in Throwing
  1094 | D:2      | Reached XP level 4. HP: 18/44 MP: 3/3
  1259 | D:2      | You fall through a shaft!
  1272 | D:3      | Reached skill level 1 in Maces & Flails
  1272 | D:3      | Reached XP level 5. HP: 36/50 MP: 4/4
  2275 | D:4      | Reached XP level 6. HP: 56/61 MP: 5/5
  2389 | D:4      | Noticed an ogre
  2410 | D:4      | Killed an ogre
  2924 | D:4      | Found a staircase to the Ecumenical Temple.
  2933 | Temple   | Entered the Ecumenical Temple
  2963 | Temple   | Became a worshipper of Warmaster Okawaru
  3004 | D:4      | Reached skill level 5 in Throwing
  3004 | D:4      | Reached XP level 7. HP: 29/68 MP: 6/6
  3228 | D:4      | Found an opulent altar of Gozag.
  3464 | D:5      | Entered Level 5 of the Dungeon
  3987 | D:5      | Acquired Okawaru's first power
  4203 | D:5      | Reached XP level 8. HP: 75/79 MP: 7/7
  4244 | D:5      | Noticed 4thArraOfDagon's ghost (weakling DsAK)
  4249 | D:5      | Killed 4thArraOfDagon's ghost
  4567 | D:5      | HP: 2/79 [wight/enchanted battleaxe (7)]
  4569 | D:5      | Slain by a wight

Vault maps used:
D:1:      lemuel_arrival_broad_hall, st_stairs_8, hangedman_decor_growths
D:2:      uniq_terence
D:4:      grunt_gozag_breadcrumbs, minmay_temple_entry_statues_pillars
D:5:      first_bread, fountainhead
D:6:      grunt_temple_overflow_open, serial_shops, kennysheep_mini_moat,
          uniq_grinder
Temple:   circular_temple_12

Action                   |  1- 3 |  4- 6 |  7- 9 || total
-------------------------+-------+-------+-------++-------
Melee: Unarmed           |   108 |       |       ||   108
       Mace              |       |    60 |       ||    60
       Morningstar       |       |    24 |       ||    24
       Giant spiked club |       |    77 |    98 ||   175
Throw: Large rock        |     6 |    10 |     9 ||    25
       Throwing net      |     2 |       |       ||     2
Invok: Heroism           |       |       |     1 ||     1
  Use: Scroll            |     3 |     6 |     1 ||    10
       Potion            |       |       |     2 ||     2
 Stab: Sleeping          |     1 |       |     1 ||     2
  Eat: Chunk             |     9 |    19 |    10 ||    38
       Bread ration      |     1 |       |       ||     1
